 Dungeon Crawl Stone Soup version 0.22-a0-447-gee5f7238b3 (webtiles) character file.

139910 MirrMurr the Warrior (level 17, -49/116 HPs)
             Began as a Gargoyle Berserker on June 3, 2018.
             Was the Champion of Trog.
             Annihilated by a titanic slime creature (66 damage)
             ... on level 4 of the Swamp.
             The game lasted 01:26:50 (28839 turns).

MirrMurr the Warrior (Gargoyle Berserker)          Turns: 28839, Time: 01:26:50

Health: -49/116    AC: 38    Str: 25    XL:     17   Next: 29%
Magic:  17/17      EV:  8    Int:  9    God:    Trog [******]
Gold:   2130       SH: 22    Dex: 14    Spells: 16/16 levels left

rFire    . . .     SeeInvis +   a - +4 morningstar (drain)
rCold    . . .     Gourm    .   e - +1 large shield
rNeg     + . .     Faith    .   A - +0 plate armour
rPois    ∞         Spirit   .   j - +2 helmet
rElec    +         Reflect  .   v - +2 cloak {+Inv}
rCorr    .         Harm     .   V - +0 pair of gloves {Dex+3}
MR       +....                  (no boots)
Stlth    ..........             o - amulet of regeneration
HPRegen  0.69/turn              L - +3 ring of slaying
MPRegen  0.15/turn              C - ring of see invisible

@: flying
A: big wings, negative energy resistance 1, electricity resistance, unbreathing,
petrification resistance, rot immunity, AC +12
a: Stop Flying, Berserk, Trog's Hand, Brothers in Arms, Renounce Religion, Evoke
Invisibility


You were on level 4 of the Swamp.
You worshipped Trog.
Trog was exalted by your worship.
You were not hungry.

You visited 5 branches of the dungeon, and saw 28 of its levels.
You visited the Abyss 1 time.
You also visited: Sewer and Ice Cave.

You collected 2729 gold pieces.
You spent 599 gold pieces at shops.

Inventory:

Hand Weapons
 a - a +4 morningstar of draining (weapon)
 b - a +5 hand crossbow of freezing
 q - a +0 blowgun
 Z - a +2 morningstar of venom
Missiles
 f - 827 stones
 w - 36 sling bullets
 y - 33 bolts
 Q - a throwing net
 R - 103 poisoned needles
 W - 12 javelins (quivered)
Armour
 e - a +1 large shield (worn)
 j - a +2 helmet (worn)
 v - a +2 cloak of invisibility (worn)
 A - a +0 plate armour (worn)
 V - a +0 pair of gloves of dexterity (worn)
Jewellery
 o - an amulet of regeneration (around neck)
 C - a ring of see invisible (right hand)
 D - an uncursed ring of ice
 F - an uncursed ring of fire
 L - a +3 ring of slaying (left hand)
 U - an uncursed ring of resist corrosion
Wands
 k - a wand of paralysis (29)
 T - a wand of digging (24)
Scrolls
 d - 3 scrolls of fog
 i - 13 scrolls of identify
 m - 4 scrolls of magic mapping
 n - 10 scrolls of teleportation
 r - 9 scrolls of remove curse
 t - 4 scrolls of immolation
 u - 5 scrolls of enchant armour
 x - a scroll of blinking
 J - 2 scrolls of summoning
 M - 6 scrolls of fear
 O - a scroll of enchant weapon
Potions
 h - 2 potions of haste
 l - 2 potions of invisibility
 p - 2 potions of agility
 s - 16 potions of curing
 z - 2 potions of cancellation
 E - 3 potions of flight
 G - 4 potions of ambrosia
 H - 4 potions of might
 I - 4 potions of mutation
 P - 4 potions of resistance
 S - 5 potions of heal wounds
Miscellaneous
 B - a phial of floods
 X - a box of beasts
Comestibles
 c - 51 rations


   Skills:
 * Level 16.4 Fighting
 - Level 16.0 Maces & Flails
 + Level 4.5 Crossbows
 - Level 14.8 Armour
 + Level 4.5 Dodging
 + Level 15.4 Shields


You had 16 spell levels left.
You didn't know any spells.
Your spell library was empty.

Dungeon Overview and Level Annotations

Branches:
Dungeon (15/15)            Temple (1/1) D:4            Lair (6/6) D:11
  Swamp (4/4) Lair:3       Spider (0/4) Lair:4        Slime (0/5) Lair:6
    Orc (2/2) D:9             Elf (0/3) Orc:2        Vaults (0/5) D:14
 Depths (0/5) D:15

Altars:
Ashenzari
Cheibriados
Elyvilon
Fedhas
Hepliaklqana
Nemelex Xobeh
Okawaru
Qazlal
Ru
Uskayaw
Wu Jian
Xom
Yredelemnul
Zin
Beogh
Jiyva

Shops:
D:4 }   D:8 !   D:14 !   Orc:1 :   Orc:2 :[*(


Innate Abilities, Weirdness & Mutations

You are resistant to torment.
Your stone body is resilient. (AC +12)
You are immune to poison.
Your large and strong wings let you fly indefinitely.
You resist negative energy. (rN+)
You are resistant to electric shocks. (rElec)
You can survive without breathing.
You are immune to petrification.
You are immune to rotting.


Message History

You block the slime creature's attack.
You barely miss the thorn hunter.
The thorn hunter is heavily damaged.
The briar patch crumbles away. x3
The thorn hunter hits you but does no damage. x2
The slime creature hits you but does no damage.
You block the slime creature's attack.
Unknown command.
You hit the thorn hunter.
The thorn hunter is heavily damaged.
You block the thorn hunter's attack.
The thorn hunter hits you but does no damage.
The slime creature hits you but does no damage.
The large slime creature hits you!!
* * * LOW HITPOINT WARNING * * *
You crush the thorn hunter like a grape!!!
The thorn hunter is almost destroyed.
The briar patch crumbles away. x5; The titanic slime creature hits you!!!
Ouch! That really hurt!
You die...

♣♣♣♣♣ ♣♣♣♣ ...≈♣♣♣♣♣♣
♣..♣♣♣♣ ≈≈≈≈≈.≈≈≈♣♣ ♣≈..♣≈♣
≈≈≈≈≈<≈..≈♣♣♣♣♣♣♣♣..≈♣♣
≈≈......≈.≈§......≈..♣♣♣♣
≈≈≈...≈≈..P≈≈PP≈P≈PP...≈♣♣
≈≈≈...♣≈..PP≈P≈≈P≈PPPP.÷<♣
≈≈.≈..♣♣≈≈≈≈≈≈≈§J≈≈≈≈P≈≈.♣♣
≈.♣♣..♣.≈≈≈≈≈≈≈J@.≈.PP§≈≈≈♣♣
.♣♣♣♣♣♣♣.≈≈≈≈≈≈JJf...≈≈≈...♣
.♣ ♣♣♣♣≈.≈≈≈§..♣P≈≈≈≈≈.♣ .♣
♣♣..♣♣♣♣♣♣♣.....≈♣ ♣♣♣
♣♣♣♣.≈≈≈♣♣ ♣♣♣♣♣≈♣♣


PP♣ ♣♣♣....≈≈≈≈♣ ♣..♣♣ PP♣♣♣♣P.≈≈..≈J≈♣♣ ♣...♣ P..♣....≈≈≈..≈♣♣ ♣≈†..≈.♣
P....≈≈..≈≈..§.♣ ♣♣≈≈...♣ You could see a thorn hunter, a titanic slime
creature, a large slime creature and 2 slime creatures.

Vanquished Creatures
  2 tentacled starspawn (Abyss:2)
  3 thorn hunters
  Kirke (D:12)
  Agnes (D:15)
  Louise (D:15)
  An orc warlord (Orc:2)
  The ghost of dricus the Impaler, a journeyman MfSk of Okawaru (Lair:6)
  Nessos (Lair:6)
  A blizzard demon (Abyss:2)
  Josephine (Lair:6)
  A fire dragon (Lair:6)
  Fannar (D:10)
  A great orb of eyes (Abyss:2)
  A catoblepas (Lair:2)
  An ogre mage (Orc:2)
  2 rakshasas (D:15)
  3 hydras
  A ghost crab (Swamp:4)
  8 two-headed ogres
  A death knight (D:14)
  4 centaur warriors
  2 dancing weapons (D:14)
  9 alligators
  6 death yaks (Lair:2)
  2 orc high priests (Orc:2)
  Urug (Lair:4)
  Nergalle (Lair:2)
  A skeletal warrior (D:14)
  A spatial maelstrom (Abyss:2)
  4 swamp dragons
  An unseen horror (D:13)
  A glowing orange brain (D:15)
  A shadow wraith (D:15)
  3 shambling mangroves
  5 orc knights
  3 orc sorcerers (Orc:2)
  17 ugly things
  4 deep elf magi
  A manticore (D:14)
  2 cyclopes
  A worldbinder (Abyss:2)
  6 elephants
  16 spiny frogs
  5 black mambas
  2 ice statues (IceCv)
  3 smoke demons (Abyss:2)
  2 gargoyles
  3 kobold demonologists (D:11)
  A rime drake (Lair:6)
  2 large abominations (Abyss:2)
  2 freezing wraiths (D:14)
  2 efreet
  6 komodo dragons
  A tengu conjurer (D:14)
  4 trolls
  11 tyrant leeches
  A troll (shapeshifter) (D:15)
  9 polar bears (Lair:6)
  A wind drake (shapeshifter) (D:15)
  18 hornets
  11 blink frogs
  7 bog bodies
  2 raiju (Lair:6)
  11 slime creatures
  12 dream sheep
  A dream sheep (shapeshifter) (D:15)
  14 hippogriffs
  Sigmund (D:4)
  2 spriggans
  3 shadows
  10 wraiths
  A ynoxinul (Abyss:2)
  45 yaks
  A vampire (D:14)
  3 small abominations (Abyss:2)
  5 wyverns
  2 basilisks
  14 vampire mosquitoes
  A hungry ghost (D:11)
  Eustachio (D:4)
  2 steam dragons (Lair:6)
  2 chaos spawn (Abyss:2)
  7 wargs
  2 soldier ants (D:8)
  18 insubstantial wisps
  16 water moccasins
  15 hell hounds (Lair:6)
  14 swamp worms
  An acid dragon (Lair:6)
  37 orc warriors
  11 porcupines
  11 swamp drakes
  6 ice beasts (IceCv)
  9 sky beasts
  13 black bears
  2 necrophages
  A phantom (D:9)
  3 boggarts (D:15)
  13 ogres
  An eye of draining (Abyss:2)
  The ghost of Liquorice the Cutter, an amateur DsGl (D:3)
  2 centaurs
  13 wolves (Lair:6)
  A snapping turtle skeleton (Abyss:2)
  2 big kobolds
  A crocodile (shapeshifter) (D:15)
  13 crocodiles
  23 bullfrogs
  5 scorpions
  3 killer bees
  3 electric eels (D:12)
  15 wights
  2 howler monkeys
  A bullfrog zombie (D:6)
  10 crimson imps
  A quasit (D:7)
  5 centaur zombies
  4 jellies
  18 orc priests
  10 hounds
  29 orc wizards
  A bullfrog skeleton (D:9)
  Crazy Yiuf (D:3)
  An iron imp (Abyss:2)
  5 centaur skeletons
  Jessica (D:2)
  3 iguanas
  6 hell rats (Lair:4)
  Terence (D:2)
  12 worker ants
  A hound skeleton (D:6)
  A hound zombie (D:8)
  Robin (D:2)
  A howler monkey skeleton (D:7)
  15 adders
  10 gnolls
  A river rat (D:3)
  8 shadow imps
  An ooze (D:3)
  An adder zombie (D:6)
  10 worms
  8 leopard geckos
  107 orcs
  2 ball pythons
  15 giant cockroaches
  18 goblins
  16 hobgoblins
  9 jackals
  7 quokkas
  3 bats
  11 frilled lizards
  2 jackal skeletons
  17 kobolds
  A quokka zombie (D:6)
  4 rats
  A briar patch (Swamp:3)
  A bush (Lair:5)
  A fungus (Lair:2)
  6 plants (Lair:5)
  A starspawn tentacle (Abyss:2)
1002 creatures vanquished.

Vanquished Creatures (collateral kills)
  A death knight (D:13)
1 creature vanquished.

Vanquished Creatures (others)
  4 humans (D:12)
  A swamp drake (Swamp:4)
  A shadow imp (D:12)
  An orc (D:15)
  4 briar patches (Swamp:4)
  A bush (Lair:4)
  14 fungi
  21 plants
  8 starspawn tentacles (Abyss:2)
55 creatures vanquished.

Grand Total: 1058 creatures vanquished

Notes
Turn   | Place    | Note
-------+----------+-------------------------------------------
     0 | D:1      | MirrMurr the Gargoyle Berserker began the quest for the Orb.
     0 | D:1      | Reached XP level 1. HP: 14/14 MP: 1/1
   153 | D:1      | Reached XP level 2. HP: 17/19 MP: 2/2
  1028 | D:2      | Reached skill level 1 in Shields
  1051 | D:2      | Reached XP level 3. HP: 23/23 MP: 3/3
  1135 | D:2      | Found a shattered altar of Ashenzari.
  1135 | D:2      | Noticed Robin
  1175 | D:2      | Reached ** piety under Trog
  1189 | D:2      | Killed Robin
  1205 | D:2      | Reached XP level 4. HP: 29/29 MP: 4/4
  1509 | D:2      | Noticed Jessica
  1522 | D:2      | Killed Jessica
  1523 | D:2      | Noticed Terence
  1537 | D:2      | Killed Terence
  1537 | D:2      | Reached XP level 5. HP: 33/33 MP: 5/5
  1617 | D:2      | Found a basalt altar of Yredelemnul.
  2160 | D:3      | Noticed Liquorice's ghost (amateur DsGl)
  2173 | D:3      | Killed Liquorice's ghost
  2173 | D:3      | Reached XP level 6. HP: 38/38 MP: 6/6
  2338 | D:3      | Reached skill level 5 in Maces & Flails
  2395 | D:3      | Found a glowing drain.
  2450 | D:3      | Reached *** piety under Trog
  2513 | Sewer    | Entered a sewer
  2790 | Sewer    | Reached XP level 7. HP: 36/44 MP: 7/7
  3601 | D:3      | Found a runed door.
  3606 | D:3      | Noticed Crazy Yiuf
  3611 | D:3      | Killed Crazy Yiuf
  3611 | D:3      | Reached skill level 5 in Fighting
  3691 | D:4      | Noticed Eustachio
  3703 | D:4      | Killed Eustachio
  3791 | D:4      | Found a white marble altar of Elyvilon.
  3809 | D:4      | Noticed Sigmund
  3835 | D:4      | Killed Sigmund
  3835 | D:4      | Reached XP level 8. HP: 50/50 MP: 8/8
  3897 | D:4      | Found a staircase to the Ecumenical Temple.
  3929 | Temple   | Entered the Ecumenical Temple
  4274 | D:4      | Reached skill level 5 in Armour
  4292 | D:4      | Found Beupn's Gadget Boutique.
  4732 | D:5      | Entered Level 5 of the Dungeon
  5555 | D:5      | Reached skill level 5 in Shields
  5685 | D:6      | Reached **** piety under Trog
  5766 | D:6      | Reached XP level 9. HP: 55/55 MP: 9/9
  5829 | D:6      | Found a sacrificial altar of Ru.
  6126 | D:6      | Found a snail-covered altar of Cheibriados.
  6149 | D:5      | Found an iron altar of Okawaru.
  6906 | D:7      | Found a sparkling altar of Nemelex Xobeh.
  7012 | D:7      | Received a gift from Trog
  7527 | D:7      | Reached XP level 10. HP: 63/63 MP: 10/10
  7756 | D:7      | Found a glowing silver altar of Zin.
  7756 | D:7      | Found a stormy altar of Qazlal.
  7830 | D:7      | Found a shimmering altar of Xom.
  7831 | D:7      | Found a hazy altar of Hepliaklqana.
  7832 | D:7      | Noticed a spectral ugly thing
  8371 | D:8      | Reached ***** piety under Trog
  8392 | D:8      | Noticed a two-headed ogre
  8412 | D:8      | Killed a two-headed ogre
  8722 | D:8      | Reached skill level 10 in Maces & Flails
  8965 | D:8      | Found Esackidu's Distillery.
  8968 | D:8      | Bought a potion of might for 56 gold pieces
  8968 | D:8      | Bought a potion of might for 56 gold pieces
  9268 | D:8      | Found an ornate altar of the Wu Jian Council.
  9406 | D:9      | Found a hide-covered altar of Uskayaw.
  9756 | D:9      | Reached XP level 11. HP: 69/69 MP: 11/11
  9791 | D:9      | Found a staircase to the Orcish Mines.
  9914 | D:9      | Received a gift from Trog
 10006 | D:9      | Found a blossoming altar of Fedhas.
 10200 | D:10     | Entered Level 10 of the Dungeon
 10543 | D:10     | Noticed Fannar
 10588 | D:10     | Killed Fannar
 11273 | D:11     | Noticed a soul eater
 11273 | D:11     | Noticed a soul eater
 11391 | D:11     | Found a staircase to the Lair.
 12266 | D:11     | Identified a scroll of acquirement
 12319 | Lair:1   | Entered Level 1 of the Lair of Beasts
 12662 | Lair:1   | Reached XP level 12. HP: 77/77 MP: 12/12
 12834 | Lair:1   | You fall through a shaft!
 13069 | Lair:1   | Reached skill level 10 in Fighting
 13243 | Lair:1   | Reached skill level 10 in Armour
 13843 | Lair:2   | Noticed a seven-headed hydra
 13844 | Lair:2   | Noticed a death yak
 13845 | Lair:2   | Noticed a death yak
 13851 | Lair:2   | Killed a seven-headed hydra
 13851 | Lair:2   | Reached skill level 10 in Shields
 13852 | Lair:2   | Noticed a death yak
 13853 | Lair:2   | Noticed a death yak
 13854 | Lair:2   | Noticed a death yak
 13858 | Lair:2   | Noticed a death yak
 13860 | Lair:2   | Killed a death yak
 13864 | Lair:2   | Noticed Nergalle
 13871 | Lair:2   | Killed a death yak
 13883 | Lair:2   | Killed a death yak
 13884 | Lair:2   | Killed a death yak
 13891 | Lair:2   | Killed Nergalle
 13899 | Lair:2   | Killed a death yak
 13899 | Lair:2   | Received a gift from Trog
 13902 | Lair:2   | Killed a death yak
 13902 | Lair:2   | Reached XP level 13. HP: 84/84 MP: 13/13
 14654 | Lair:3   | Found the +10 Black Knight's horse barding {ponderous, rPois rN+}
 14889 | Lair:3   | Found a staircase to the Swamp.
 15510 | Lair:4   | Noticed Urug
 15524 | Lair:4   | Killed Urug
 16079 | Lair:4   | Found a hole to the Spider Nest.
 16762 | Lair:5   | Received a gift from Trog
 17496 | Lair:6   | Entered Level 6 of the Lair of Beasts
 17702 | Lair:6   | Gained mutation: Your large and strong wings let you fly indefinitely. [Gargoyle growth]
 17702 | Lair:6   | Reached XP level 14. HP: 91/92 MP: 14/14
 17737 | Lair:6   | Noticed Nessos
 17772 | Lair:6   | Killed Nessos
 17813 | Lair:6   | Reached skill level 15 in Maces & Flails
 18145 | Lair:6   | Found a staircase to the Slime Pits.
 18146 | Lair:6   | Found a viscous altar of Jiyva.
 18248 | Lair:6   | Noticed Josephine
 18279 | Lair:6   | Killed Josephine
 18566 | Lair:6   | Noticed dricus's ghost (journeyman MfSk)
 18597 | Lair:6   | Killed dricus's ghost
 18702 | Lair:6   | Received a gift from Trog
 19277 | D:12     | Noticed Kirke
 19286 | D:12     | Killed Kirke
 19339 | D:12     | Reached ****** piety under Trog
 20005 | D:13     | Reached XP level 15. HP: 95/97 MP: 15/15
 20032 | D:13     | Found a frozen archway.
 20048 | IceCv    | Entered an ice cave
 20076 | IceCv    | Found a transporter.
 20112 | IceCv    | Found a transporter.
 20121 | IceCv    | Received a gift from Trog
 21367 | D:14     | Found a gate to the Vaults.
 21536 | D:14     | Found Jisivonuu's Distillery.
 21707 | D:15     | Entered Level 15 of the Dungeon
 22124 | D:15     | Noticed Louise
 22141 | D:15     | Cast into level 2 of the Abyss (Louise)
 22201 | Abyss:2  | Received a gift from Trog
 22333 | Abyss:2  | Noticed a tentacled starspawn
 22346 | Abyss:2  | Killed a tentacled starspawn
 22544 | Abyss:2  | Noticed a tentacled starspawn
 22580 | Abyss:2  | Killed a tentacled starspawn
 22654 | Abyss:2  | Reached XP level 16. HP: 93/107 MP: 16/16
 22658 | D:15     | Escaped the Abyss
 22676 | D:15     | Killed Louise
 23093 | D:15     | Found a staircase to the Depths.
 23181 | D:15     | Noticed Agnes
 23195 | D:15     | Killed Agnes
 23384 | Orc:1    | Entered Level 1 of the Orcish Mines
 23424 | Orc:1    | Found Icvioxt's Book Boutique.
 23470 | Orc:1    | Received a gift from Trog
 23737 | Orc:1    | You are sucked into a shaft!
 23737 | Orc:2    | Entered Level 2 of the Orcish Mines
 23811 | Orc:2    | Found a staircase to the Elven Halls.
 24081 | Orc:2    | Reached skill level 15 in Fighting
 24100 | Orc:2    | Found a roughly hewn altar of Beogh.
 24210 | Orc:2    | Found Ecri Weg's Book Shop.
 24506 | Orc:2    | Found Fometwux's General Store.
 24521 | Orc:2    | Found Otreogg's Antique Weapon Shop.
 24528 | Orc:2    | Bought a translucent hand crossbow for 187 gold pieces
 24528 | Orc:2    | Identified the +4 hand crossbow "Ogrebane" {freeze, rPois Int+4} (You bought it in a shop on level 2 of the Orcish Mines)
 24581 | Orc:2    | Received a gift from Trog
 25045 | Orc:2    | Found Luinu's Antique Armour Shop.
 25532 | Orc:2    | Bought a pair of runed gloves for 300 gold pieces
 25785 | Swamp:1  | Entered Level 1 of the Swamp
 25788 | Swamp:1  | Reached skill level 1 in Crossbows
 25893 | Swamp:1  | Noticed a thorn hunter
 25911 | Swamp:1  | Killed a thorn hunter
 26901 | Swamp:2  | Reached skill level 15 in Shields
 27228 | Swamp:2  | Received a gift from Trog
 27657 | Swamp:3  | Reached XP level 17. HP: 103/115 MP: 17/17
 28391 | Swamp:4  | Entered Level 4 of the Swamp
 28615 | Swamp:4  | Received a gift from Trog
 28839 | Swamp:4  | Annihilated by a titanic slime creature

Vault maps used:
D:1:      dpeg_chamrin_arrival_tetris, serial_bayou_ford_a
D:2:      lemuel_doored_altar, evilmike_ruin_ashenzari,
          small_statue_intersection, uniq_robin, uniq_terence, uniq_jessica
D:3:      cheibrodos_sewer_entry_sluice, uniq_crazy_yiuf_cottage
D:4:      elyvilon_altar_5, minmay_temple_entry_butterflies, serial_shops,
          nicolae_shop_crystal, first_ration, uniq_eustachio, uniq_sigmund
D:5:      lemuel_upstairs_altar
D:6:      kennysheep_spiral_hall, cheibrodos_worm_habitat,
          nicolae_ru_sacrificial_ziggurat
D:7:      corexii_shack_village, regret_index_temple_of_mockery,
          nemelex_xobeh_ov_fountains_minmay, gammafunk_temple_overflow_elements
D:8:      nicolae_overflow_hidden_temple, serial_shops,
          nicolae_shop_behind_doors, hangedman_pestilent_swarm
D:9:      lemuel_crystal_altar, eat_drink_and_be_merry_uskayaw, erik_orc_3
D:10:     kennysheep_generic_room_2, uniq_fannar
D:11:     due_lair_maze_entry_diamond, hex_large
D:12:     lemuel_flamethrower_2, uniq_kirke
D:13:     portal_ice_cave_entry_pillars_1
D:14:     erik_vaults_1, serial_shops, nicolae_shop_crystal, hex_tiny
D:15:     gammafunk_enter_depths_forms, minmay_strange_pillars,
          minmay_liquid_box, st_stairs_6, uniq_agnes, uniq_louise
Temple:   nicolae_temple_figure_zero
Lair:1:   nicolae_quartered_pool_super, nzn_random_ring, serial_bayou_shore_b
Lair:2:   grunt_megastairs_3, uniq_nergalle
Lair:3:   minmay_swamp_entry_worms
Lair:4:   nicolae_spider_entry_non_spiders, uniq_urug
Lair:5:   serial_forest, infiniplex_forest_fountain,
          infiniplex_forest_straight_2, infiniplex_forest_end_3,
          infiniplex_forest_join, infiniplex_forest_straight_5,
          infiniplex_forest_straight_5, infiniplex_forest_end_1,
          infiniplex_forest_clump_double, lemuel_fruit_tree
Lair:6:   guppyfry_lair_end_dragon, hangedman_lair_caniforms_friends,
          slime_altar_1, eino_small_chamber_without_monster, uniq_josephine,
          uniq_nessos
Swamp:1:  nicolae_swamp_very_dense_foliage, infiniplex_staircase_pool
Swamp:2:  evilmike_swamp_ruin_house_1
Swamp:3:  evilmike_swamp_ruin_wall
Swamp:4:  swamp_vile
Orc:1:    serial_shops, shop
Orc:2:    grunt_orc_cross
Sewer:    sewer_frog_island_01
IceCv:    ice_cave_statue_garden_transporter

Skill      XL: |  1  2  3  4  5  6  7  8  9 10 11 12 13 14 15 16 17 |
---------------+----------------------------------------------------+-----
Shields        | 1 2 3 5 6 7 9 10 11 12 14 15 | 15.4
Armour         | 3 4 5 7 8 9 10 11 12 14 | 14.8
Maces & Flails | 4 5 6 7 9 10 12 13 14 16 | 16.0
Fighting       | 4 5 6 7 8 9 11 12 14 16 | 16.4
Dodging        | 3 4 |  4.5
Crossbows      | 3 4 |  4.5

Action                   |  1- 3 |  4- 6 |  7- 9 | 10-12 | 13-15 | 16-18 || total
-------------------------+-------+-------+-------+-------+-------+-------++-------
Melee: Mace              |   151 |    58 |       |       |       |       ||   209
       Flail             |       |   242 |   420 |   542 |       |       ||  1204
       Morningstar       |       |       |       |   189 |  1402 |   765 ||  2356
 Fire: Hunting sling     |       |       |   160 |   130 |   245 |    93 ||   628
       Hand crossbow     |       |       |       |       |       |   150 ||   150
Invok: Berserk           |       |     2 |     1 |     2 |       |       ||     5
       Trog's Hand       |       |     3 |     5 |     6 |     2 |     1 ||    17
       Brothers in Arms  |       |       |       |       |     1 |       ||     1
 Abil: Fly               |       |       |       |       |     1 |       ||     1
  Use: Scroll            |     6 |     4 |     7 |    13 |    11 |     4 ||    45
       Potion            |       |       |       |     2 |     1 |       ||     3
 Stab: Confused          |       |       |       |       |       |     1 ||     1
  Eat: Chunk             |     1 |     9 |    15 |    22 |    27 |    16 ||    90
       Ration            |       |       |     1 |     1 |     1 |     2 ||     5
Armor: Animal skin       |     8 |       |       |       |       |       ||     8
       Ring mail         |    35 |    41 |       |       |       |       ||    76
       Leather armour    |    12 |       |       |       |       |       ||    12
       Scale mail        |       |   110 |    95 |       |       |       ||   205
       Chain mail        |       |       |    68 |    40 |       |       ||   108
       Plate armour      |       |       |       |   225 |   710 |   255 ||  1190
Dodge: Dodged            |    37 |    71 |    53 |    63 |   179 |    97 ||   500
Block: Large shield      |    96 |   298 |   378 |   594 |  1412 |   679 ||  3457

Table legend:
 A = Spawn XP
 B = Non-spawn XP
 C = Spawn XP percentage of total XP
 D = Spawn monster count
 E = Non-spawn monster count
 F = Spawn count percentage of total count
 G = Total turns spent on level
                    A         B        C        D         E        F      G
               +---------+---------+-------+---------+---------+-------+---------
         Total |    5245 |  194627 |   2.6 |      15 |     978 |   1.5 | 28839
               +---------+---------+-------+---------+---------+-------+---------
           D:1 |       0 |      28 |   0.0 |       0 |      19 |   0.0 |   994
           D:2 |       0 |     265 |   0.0 |       0 |      37 |   0.0 |  1218
           D:3 |       0 |     305 |   0.0 |       0 |      33 |   0.0 |   837
           D:4 |       0 |     594 |   0.0 |       0 |      13 |   0.0 |  1039
           D:5 |       0 |     749 |   0.0 |       0 |      23 |   0.0 |   933
           D:6 |       0 |     632 |   0.0 |       0 |      18 |   0.0 |  1153
           D:7 |       0 |    1987 |   0.0 |       0 |      43 |   0.0 |  1702
           D:8 |       0 |    2771 |   0.0 |       0 |      36 |   0.0 |   865
           D:9 |       0 |    2977 |   0.0 |       0 |      36 |   0.0 |   907
          D:10 |       0 |    1861 |   0.0 |       0 |      13 |   0.0 |   813
          D:11 |       0 |    4207 |   0.0 |       0 |      37 |   0.0 |  1435
          D:12 |       0 |    8422 |   0.0 |       0 |      36 |   0.0 |   778
          D:13 |       0 |    6827 |   0.0 |       0 |      29 |   0.0 |   593
          D:14 |       0 |   14236 |   0.0 |       0 |      46 |   0.0 |  1146
          D:15 |       0 |   15762 |   0.0 |       0 |      45 |   0.0 |   898
        Lair:1 |       0 |    5457 |   0.0 |       0 |      27 |   0.0 |  1258
        Lair:2 |       0 |   15156 |   0.0 |       0 |      39 |   0.0 |  1040
        Lair:3 |       0 |    3810 |   0.0 |       0 |      12 |   0.0 |   975
        Lair:4 |       0 |    3659 |   0.0 |       0 |      26 |   0.0 |   919
        Lair:5 |       0 |    5323 |   0.0 |       0 |      25 |   0.0 |  1145
        Lair:6 |       0 |   27782 |   0.0 |       0 |     115 |   0.0 |  1593
       Swamp:1 |       0 |    9004 |   0.0 |       0 |      24 |   0.0 |   850
       Swamp:2 |       0 |    6382 |   0.0 |       0 |      20 |   0.0 |   663
       Swamp:3 |       0 |   18613 |   0.0 |       0 |      44 |   0.0 |  1293
       Swamp:4 |       0 |    8583 |   0.0 |       0 |      20 |   0.0 |   248
         Orc:1 |       0 |    2463 |   0.0 |       0 |      29 |   0.0 |   668
         Orc:2 |       0 |   15902 |   0.0 |       0 |      90 |   0.0 |  1578
       Abyss:2 |    5245 |    7831 |  40.1 |      15 |      13 |  53.6 |   517
         Sewer |       0 |     237 |   0.0 |       0 |      20 |   0.0 |   642
         IceCv |       0 |    2802 |   0.0 |       0 |      10 |   0.0 |   137
               +---------+---------+-------+---------+---------+-------+---------
